 Dungeon Crawl Stone Soup version 0.26-a0-154-g3d63440f56 (webtiles) character file.

Game seed: 11460498352075843803

492 Flugslaktarn the Firebug (level 7, -3/50 HPs)
             Began as a Gnoll Fire Elementalist on July 1, 2020.
             Was an Initiate of Makhleb.
             Slain by a centaur
             ... wielding the +0 whip "Boapyles" {speed, rPois Dex+7}
              (5 damage)
             ... on level 5 of the Dungeon.
             The game lasted 00:06:13 (1226 turns).

Flugslaktarn the Firebug (Gnoll Fire Elementalist)  Turns: 1226, Time: 00:06:13

Health: -3/50      AC:  5    Str: 10    XL:     7   Next: 14%
Magic:  12/15      EV: 14    Int: 20    God:    Makhleb [......]
Gold:   135        SH:  0    Dex: 15    Spells: 9/17 levels left

rFire    . . .     SeeInvis .   l - +0 long sword
rCold    . . .     Faith    .   (no shield)
rNeg     . . .     Spirit   .   t - +0 leather armour
rPois    .         Reflect  .   (no helmet)
rElec    .         Harm     .   (no cloak)
rCorr    .                      (no gloves)
MR       .....                  (no boots)
Stlth    +++.......             (no amulet)
HPRegen  0.16/turn              (no ring)
MPRegen  0.14/turn              (no ring)

@: very slightly contaminated
A: distributed training, fangs 1, molten scales 1, thin metallic scales 1,
blurry vision 1, deformed body, strong nose
a: Renounce Religion


You were on level 5 of the Dungeon.
You worshipped Makhleb.
Makhleb was noncommittal.
You were hungry.

You visited 2 branches of the dungeon, and saw 6 of its levels.

You collected 135 gold pieces.

Inventory:

Hand Weapons
 e - a +0 whip
   (You found it on level 1 of the Dungeon)
 l - a +0 long sword (weapon)
   (You found it on level 5 of the Dungeon)
 o - a +0 spear
   (You took it off a gnoll on level 4 of the Dungeon)
Missiles
 d - 6 arrows
 m - 17 bolts
 s - a throwing net (quivered)
Armour
 a - a +0 robe
 j - a +0 tower shield
   (You found it on level 3 of the Dungeon)
 t - a +0 leather armour (worn)
   (You found it on level 4 of the Dungeon)
Scrolls
 f - a scroll of teleportation {unknown}
 h - 2 scrolls of random uselessness {unknown}
 k - 2 scrolls of identify {unknown}
 n - 2 scrolls of fog {unknown}
Potions
 b - a potion of lignification {unknown}
 g - 2 potions of curing
 i - a potion of stabbing {unknown}
 q - a potion of flight {unknown}
Comestibles
 c - 9 rations


   Skills:
 + Level 2.2 Fighting
 + Level 2.2 Short Blades
 + Level 2.2 Long Blades
 + Level 2.2 Axes
 + Level 2.2 Maces & Flails
 + Level 2.2 Polearms
 + Level 2.2 Staves
 + Level 2.2 Slings
 + Level 2.2 Bows
 + Level 2.2 Crossbows
 + Level 2.2 Throwing
 + Level 2.2 Armour
 + Level 5.1 Dodging
 + Level 4.7 Stealth
 + Level 2.2 Shields
 + Level 2.2 Unarmed Combat
 + Level 5.5 Spellcasting
 + Level 2.8 Conjurations
 + Level 1.8 Hexes
 + Level 1.8 Charms
 + Level 1.8 Summonings
 + Level 1.8 Necromancy
 + Level 1.8 Translocations
 + Level 1.8 Transmutations
 + Level 5.7 Fire Magic
 + Level 1.8 Ice Magic
 + Level 1.8 Air Magic
 + Level 1.8 Earth Magic
 + Level 1.8 Poison Magic
 + Level 2.5 Invocations
 + Level 2.2 Evocations


You had 9 spell levels left.
You knew the following spells:

 Your Spells              Type           Power        Failure   Level  Hunger
a - Foxfire               Conj/Fire      ###.         2%          1    None
b - Inner Flame           Hex/Fire       ###.....     9%          3    ##.....
c - Sticky Flame          Conj/Fire      ###.....     24%         4    ####...

Your spell library contained the following spells:

 Spells                   Type           Power        Failure   Level  Hunger
 Conjure Flame            Conj/Fire      ###.....     8%          3    ##.....
 Fireball                 Conj/Fire      ###.......   56%         5    #####..


Dungeon Overview and Level Annotations

Branches:
Dungeon (5/15)             Temple (1/1) D:4

Altars:
Ashenzari
Dithmenos
Fedhas
Kikubaaqudgha
Makhleb
Nemelex Xobeh
Okawaru
Ru
Trog
Vehumet
Yredelemnul
The Shining One


Innate Abilities, Weirdness & Mutations

Your experience applies equally to all skills.
You have very sharp teeth.
Your uncanny sense of smell can sniff out nearby items.
You are partially covered in molten scales. (AC +2)
You are partially covered in thin metallic scales. (AC +2)
Scrolls take you a little longer to read.
Armour fits poorly on your strangely shaped body.


Message History

You see here a jackal corpse.
You are a level 7 Gnoll Fire Elementalist.
You are 14% of the way to level 8.
Play time: 00:06:03 (1205 turns) Unknown command.
The centaur shouts!
Casting: Foxfire (safe; 2% risk of failure)
Confirm with . or Enter, or press ? or * to list all spells.
You miscast Foxfire.
You are very lightly contaminated with residual magic.
Nothing appears to happen.
The centaur unwields the +0 whip "Boapyles" {speed, rPois Dex+7}.
The centaur wields a +0 shortbow.
The centaur shoots an arrow.
The arrow hits you!
* * * LOW HITPOINT WARNING * * *
The centaur shoots an arrow.
The arrow hits you.
* * * LOW HITPOINT WARNING * * *
You see here an arrow.
The centaur shoots an arrow.
The arrow hits you!
* * * LOW HITPOINT WARNING * * *
You see here an arrow.
Casting: Foxfire (safe; 2% risk of failure)
Confirm with . or Enter, or press ? or * to list all spells.
You conjure some foxfire!
Casting: Foxfire (safe; 2% risk of failure)
Confirm with . or Enter, or press ? or * to list all spells.
You conjure some foxfire!
The foxfire hits the centaur but does no damage.
The centaur shoots an arrow.
The arrow barely misses you.
The foxfire hits the centaur.
The centaur is moderately wounded.
The foxfire hits the centaur.
The centaur is heavily wounded.
The centaur unwields a +0 shortbow.
The centaur wields the +0 whip "Boapyles" {speed, rPois Dex+7}.
The centaur hits you with the +0 whip "Boapyles" {speed, rPois Dex+7}!
* * * LOW HITPOINT WARNING * * *
The centaur closely misses you.
The foxfire hits the centaur.
The centaur is heavily wounded.
You barely miss the centaur.
The centaur is heavily wounded.
The centaur hits you with the +0 whip "Boapyles" {speed, rPois Dex+7}.
* * * LOW HITPOINT WARNING * * *
The centaur hits you with the +0 whip "Boapyles" {speed, rPois Dex+7}.
* * * LOW HITPOINT WARNING * * *
Casting: Foxfire (safe; 2% risk of failure)
Confirm with . or Enter, or press ? or * to list all spells.
You conjure some foxfire!
The centaur hits you with the +0 whip "Boapyles" {speed, rPois Dex+7}.
You die...

##.....#.#.....<......#
.......#.......###.###.###
...##................
..#.##.#....#####.###
..#... #....# ### #.#.#
#....## #.#.####.....###
#.#.#(...cv......# ∆
#...(#####@).....# ###..#
#v......# #...# #...###.#
#.... ###...# #.# #..c.
#.#...###.#
#.....#.#.......###
#.....#.#†..(.....#
......#........##.###
#...#....'....#


You could see a centaur.

Vanquished Creatures
  A phantom (D:4)
  An ice beast (D:5)
  A scorpion (D:4)
  A bullfrog zombie (D:5)
  A crimson imp (D:5)
  A hound (D:5)
  3 worker ants (D:5)
  3 gnolls (D:4)
  3 adders
  2 worms
  A dart slug (D:4)
  2 leopard geckos
  6 orcs (D:5)
  A giant cockroach (D:5)
  A goblin (D:2)
  A hobgoblin (D:2)
  4 jackals
  A kobold (D:1)
  A quokka (D:3)
  2 bats
  A frilled lizard (D:5)
38 creatures vanquished.

Vanquished Creatures (others)
  152 foxfires
152 creatures vanquished.

Grand Total: 190 creatures vanquished

Notes
Turn   | Place    | Note
-------+----------+-------------------------------------------
     0 | D:1      | Flugslaktarn the Gnoll Fire Elementalist began the quest
                  | for the Orb.
     0 | D:1      | Reached XP level 1. HP: 13/13 MP: 6/6
    50 | D:1      | You fall into a shaft and drop 1 floor!
    68 | D:3      | Reached XP level 2. HP: 19/19 MP: 0/7
    71 | D:3      | Found a radiant altar of Vehumet.
   274 | D:4      | Found a shattered altar of Ashenzari.
   285 | D:4      | Reached skill level 5 in Spellcasting
   285 | D:4      | Reached XP level 3. HP: 25/25 MP: 4/9
   297 | D:4      | Reached skill level 1 in Invocations
   332 | D:4      | Reached skill level 1 in Fighting
   332 | D:4      | Reached skill level 1 in Short Blades
   332 | D:4      | Reached skill level 1 in Long Blades
   332 | D:4      | Reached skill level 1 in Axes
   332 | D:4      | Reached skill level 1 in Maces & Flails
   332 | D:4      | Reached skill level 1 in Polearms
   332 | D:4      | Reached skill level 1 in Staves
   332 | D:4      | Reached skill level 1 in Slings
   332 | D:4      | Reached skill level 1 in Bows
   332 | D:4      | Reached skill level 1 in Crossbows
   332 | D:4      | Reached skill level 1 in Throwing
   332 | D:4      | Reached skill level 1 in Armour
   332 | D:4      | Reached skill level 1 in Shields
   332 | D:4      | Reached skill level 1 in Unarmed Combat
   332 | D:4      | Reached skill level 1 in Evocations
   337 | D:4      | Learned a level 3 spell: Inner Flame
   353 | D:4      | Reached XP level 4. HP: 32/32 MP: 1/11
   380 | D:4      | Found a bloodstained altar of Trog.
   425 | D:4      | Found a staircase to the Ecumenical Temple.
   436 | Temple   | Entered the Ecumenical Temple
   578 | Temple   | Became a worshipper of Makhleb the Destroyer
   749 | D:4      | Noticed a phantom
   770 | D:4      | Killed a phantom
   770 | D:4      | Reached skill level 1 in Hexes
   770 | D:4      | Reached skill level 1 in Charms
   770 | D:4      | Reached skill level 1 in Summonings
   770 | D:4      | Reached skill level 1 in Necromancy
   770 | D:4      | Reached skill level 1 in Translocations
   770 | D:4      | Reached skill level 1 in Transmutations
   770 | D:4      | Reached skill level 1 in Ice Magic
   770 | D:4      | Reached skill level 1 in Air Magic
   770 | D:4      | Reached skill level 1 in Earth Magic
   770 | D:4      | Reached skill level 1 in Poison Magic
   770 | D:4      | Reached XP level 5. HP: 20/37 MP: 0/12
   818 | D:5      | Entered Level 5 of the Dungeon
   854 | D:5      | Reached XP level 6. HP: 36/44 MP: 1/13
   899 | D:5      | Gained mutation: You are partially covered in thin metallic
                  | scales. (AC +2) [potion of mutation]
   899 | D:5      | Gained mutation: Scrolls take you a little longer to read.
                  | [potion of mutation]
   899 | D:5      | Gained mutation: Armour fits poorly on your strangely
                  | shaped body. [potion of mutation]
   899 | D:5      | Gained mutation: You are partially covered in molten
                  | scales. (AC +2) [potion of mutation]
   937 | D:5      | Learned a level 4 spell: Sticky Flame
   941 | D:5      | Noticed an ice beast
   952 | D:5      | Killed an ice beast
   952 | D:5      | Reached skill level 5 in Dodging
  1024 | D:5      | Reached XP level 7. HP: 20/50 MP: 1/15
  1047 | D:5      | Identified the +0 whip "Boapyles" {speed, rPois Dex+7}
  1225 | D:5      | HP: 2/50 [centaur/the +0 whip "Boapyles" {speed, rPois
                  | Dex+7} (5)]
  1226 | D:5      | Slain by a centaur

Illustrated notes

Levels and vault maps discovered:
D:1:      psy_arrival_dodecagon, layout_basic, minmay_tromino_i2
D:2:      layout_rooms, feat_on_display
D:3:      layout_basic, vehumet_crystals
D:4:      layout_basic, evilmike_ruin_ashenzari, nicolae_overflow_crystal_walls,
          lemuel_round_altar, minmay_temple_entry_large_hall
D:5:      layout_basic, nicolae_gozag_cash_rules_everything_around_me,
          kennysheep_little_box, first_ration
Temple:   kb_temple_of_zot

Skill      XL: |  1  2  3  4  5  6 |
---------------+-------------------+-----
Conjurations   | 2 |  2.8
Spellcasting   | 5 |  5.5
Invocations    | 1 2 |  2.5
Fighting       | 1 2 |  2.2
Short Blades   | 1 2 |  2.2
Long Blades    | 1 2 |  2.2
Axes           | 1 2 |  2.2
Maces & Flails | 1 2 |  2.2
Polearms       | 1 2 |  2.2
Staves         | 1 2 |  2.2
Slings         | 1 2 |  2.2
Bows           | 1 2 |  2.2
Crossbows      | 1 2 |  2.2
Throwing       | 1 2 |  2.2
Armour         | 1 2 |  2.2
Shields        | 1 2 |  2.2
Unarmed Combat | 1 2 |  2.2
Evocations     | 1 2 |  2.2
Hexes          | 1 |  1.8
Charms         | 1 |  1.8
Summonings     | 1 |  1.8
Necromancy     | 1 |  1.8
Translocations | 1 |  1.8
Transmutations | 1 |  1.8
Ice Magic      | 1 |  1.8
Air Magic      | 1 |  1.8
Earth Magic    | 1 |  1.8
Poison Magic   | 1 |  1.8
Dodging        | 5 |  5.1
Stealth        | |  4.7
Fire Magic     | |  5.7

Action                   |  1- 3 |  4- 6 |  7- 9 || total
-------------------------+-------+-------+-------++-------
Melee: Whip              |     2 |       |       ||     2
       Spear             |     5 |    25 |    34 ||    64
       Bite              |       |     4 |     2 ||     6
       Punch             |       |     1 |       ||     1
       Long sword        |       |       |     9 ||     9
 Cast: Foxfire           |    30 |    54 |    12 ||    96
  Use: Potion            |       |     4 |       ||     4
 Stab: Sleeping          |     1 |       |       ||     1
Armor: Robe              |     2 |       |       ||     2
       Leather armour    |       |     5 |    14 ||    19
Dodge: Dodged            |    11 |    34 |    23 ||    68
       Rpst.: Long sword |       |       |     2 ||     2

Table legend:
 A = Non-vault XP
 B = Vault XP
 C = Vault XP percentage of total XP
 D = Non-vault monster count
 E = Vault monster count
 F = Vault count percentage of total count
                 A         B        C        D         E       F
            +---------+---------+-------+---------+---------+-------
      Total |     703 |       0 |   0.0 |      38 |       0 |   0.0
            +---------+---------+-------+---------+---------+-------
        D:1 |       2 |       0 |   0.0 |       1 |       0 |   0.0
        D:2 |      21 |       0 |   0.0 |       5 |       0 |   0.0
        D:3 |       9 |       0 |   0.0 |       3 |       0 |   0.0
        D:4 |     265 |       0 |   0.0 |      10 |       0 |   0.0
        D:5 |     406 |       0 |   0.0 |      19 |       0 |   0.0
            +---------+---------+-------+---------+---------+-------
